 Dungeon Crawl Stone Soup version 0.20-a0-309-gcba9277 (webtiles) character file.

2802 Leibowitz the Cutter (level 9, -8/72 HPs)
             Began as a Demigod Gladiator on Dec 18, 2016.
             Mangled by Erolcha
             ... wielding a cursed -1 giant club
              (15 damage)
             ... on level 9 of the Dungeon.
             The game lasted 00:23:50 (5694 turns).

Leibowitz the Cutter (Demigod Gladiator)            Turns: 5694, Time: 00:23:51

Health: -8/72      AC:  7    Str: 20      XL:     9   Next: 20%
Magic:  11/11      EV: 16    Int: 10 (12) God:
Gold:   297        SH:  0    Dex: 18      Spells: 8/8 levels left

rFire  + . .     SeeInvis .     w - +4 falchion of the Sneaky Orbs {slice, rPois rF+ rC+ Dex-2}
rCold  + . .     Gourm    .     A - +0 leather armour
rNeg   + . .     Faith    .     (no shield)
rPois  +         Spirit   .     c - +0 helmet
rElec  .         Reflect  .     m - +0 cloak
rCorr  .         Harm     .     E - +0 pair of gloves
MR     .....                    (no boots)
Stlth  +++.......               r - amulet of regeneration
                                D - +3 ring of slaying
                                g - ring of positive energy

@: no status effects
A: high mp 1
a: no special abilities


You were on level 9 of the Dungeon.
You were not hungry.

You visited 2 branches of the dungeon, and saw 10 of its levels.

You collected 297 gold pieces.

Inventory:

Hand Weapons
 a - a +0 dagger of venom
 b - a +0 blowgun
 h - a +0 rapier
 v - a +2 dagger of flaming
 w - the +4 falchion of the Sneaky Orbs (weapon) {slice, rPois rF+ rC+ Dex-2}
   (You found it on level 9 of the Dungeon)

   It inflicts extra damage upon your enemies.
   It affects your dexterity (-2).
   It protects you from fire.
   It protects you from cold.
   It protects you from poison.
Missiles
 d - 5 throwing nets (quivered)
 n - 18 poisoned needles
Armour
 c - a +0 helmet (worn)
 m - a +0 cloak (worn)
 A - a +0 leather armour (worn)
 E - a +0 pair of gloves (worn)
Jewellery
 g - a ring of positive energy (left hand)
 i - an uncursed ring of protection from magic
 q - an uncursed ring of protection from magic
 r - an amulet of regeneration (around neck)
 D - a +3 ring of slaying (right hand)
 F - an uncursed ring of see invisible
 N - an uncursed ring of fire
Wands
 I - a wand of enslavement (9/24)
 K - a wand of hasting (5/9)
Scrolls
 e - 2 scrolls of remove curse
 j - 6 scrolls of identify
 o - 2 scrolls of amnesia
 u - a scroll of enchant weapon
Potions
 s - 3 potions of berserk rage
 z - a potion of haste
 C - a potion of lignification
Comestibles
 f - 6 bread rations
 k - 10 fruits
 l - 2 meat rations
 p - 4 chunks of flesh
 t - a beef jerky
 H - 3 slices of pizza


   Skills:
 + Level 4.5 Fighting
 + Level 6.8 Short Blades
 + Level 1.8 Throwing
 + Level 4.2 Armour
 + Level 6.3 Dodging
 * Level 6.1 Stealth


You had 8 spell levels left.
You didn't know any spells.

Dungeon Overview and Level Annotations

Branches:
Dungeon (9/15)             Temple (1/1) D:6
   Lair: D:8-11         Orc: D:9-12

Annotations:
D:3 Vesto's ghost, weakling OpCj
D:4 drd's ghost, amateur DECj
D:7 Junicave's ghost, novice GrEE
D:8 Grum
D:9 Erolcha


Innate Abilities, Weirdness & Mutations

You have an increased reservoir of magic. (+10% MP)


Message History

You hit Erolcha.
Erolcha is moderately wounded.
Erolcha completely misses you.
You hit Erolcha.
Erolcha is heavily wounded.
Erolcha barely misses you.
You riposte.
You slash Erolcha!
Erolcha is heavily wounded.
Erolcha drinks a potion.
Erolcha is healed!
You slash Erolcha!
Erolcha is severely wounded.
Erolcha hits you with a giant club!!
You hit Erolcha.
Erolcha is severely wounded.
Erolcha closely misses you.
You hit Erolcha.
Erolcha is severely wounded.
Erolcha hits you with a giant club!!
* * * LOW HITPOINT WARNING * * *
Erolcha hits you with a giant club!
You die...

,,,,,*,,,,,,*,,,*,,,,*
,,,,,*,,,,,,,,,,*,,,,*
,,,,,*,,,,,,*****,,,<*
,,,,,*,,,,,,,,,,*,,,,*
#############,,,*#+###
.....#......#,,,*....#
.....#......#####....#
.....#......#...#....#
.....#......#...@O...#
.....#..........#....#
######..........##+###
.....#...............#
.....########........#
............#...#....#
.....#......#...#....#
.....#......'...#....#
.....+......#รท..######


You could see Erolcha.

Vanquished Creatures
  Pikel (D:8)
  2 sky beasts (D:6)
  An orc warrior (Temple)
  A black bear (D:6)
  2 phantoms (D:6)
  A wolf (D:8)
  2 ogres (D:6)
  A centaur (D:5)
  4 bullfrogs
  A wyvern skeleton (D:8)
  2 scorpions
  4 killer bees (D:7)
  A howler monkey (D:6)
  4 crimson imps
  2 hounds (D:5)
  6 orc wizards
  5 orc priests
  A worker ant (D:6)
  A statue (D:5)
  2 worker ant zombies
  8 gnolls
  7 adders
  2 shadow imps
  2 oozes (D:6)
  6 worms
  A dart slug (D:1)
  5 leopard geckos
  11 orcs
  5 ball pythons
  2 bats
  2 giant cockroaches (D:2)
  6 goblins
  4 hobgoblins
  21 jackals
  3 quokkas
  4 frilled lizards
  10 kobolds
  2 quokka skeletons
  4 rats
149 creatures vanquished.

Notes
Turn   | Place    | Note
-------+----------+-------------------------------------------
     0 | D:1      | Leibowitz the Demigod Gladiator began the quest for the Orb.
     0 | D:1      | Reached XP level 1. HP: 17/17 MP: 3/3
   381 | D:1      | Reached XP level 2. HP: 24/24 MP: 4/4
  1387 | D:2      | Found a shimmering altar of Xom.
  1419 | D:2      | Reached XP level 3. HP: 19/29 MP: 5/5
  1882 | D:2      | Reached skill level 1 in Stealth
  1882 | D:2      | Reached XP level 4. HP: 36/36 MP: 6/6
  2010 | D:2      | Found a white marble altar of Elyvilon.
  2010 | D:2      | Found a sacrificial altar of Ru.
  2015 | D:2      | Found a burning altar of Makhleb.
  2017 | D:2      | Found a basalt altar of Yredelemnul.
  2019 | D:2      | Found an iron altar of Okawaru.
  2118 | D:3      | Reached skill level 1 in Armour
  2397 | D:3      | Found a sparkling altar of Nemelex Xobeh.
  2537 | D:3      | Noticed Vesto's ghost (weakling OpCj)
  2700 | D:4      | Noticed a bullfrog
  2715 | D:4      | Killed a bullfrog
  2715 | D:4      | Reached XP level 5. HP: 30/42 MP: 7/7
  2891 | D:4      | Found a stormy altar of Qazlal.
  3144 | D:4      | Noticed drd's ghost (amateur DECj)
  3167 | D:5      | Entered Level 5 of the Dungeon
  3252 | D:5      | Reached XP level 6. HP: 43/50 MP: 8/8
  3492 | D:5      | Found a radiant altar of Vehumet.
  3781 | D:5      | Found a glowing golden altar of the Shining One.
  3971 | D:6      | Reached XP level 7. HP: 57/57 MP: 9/9
  4378 | D:6      | Reached skill level 5 in Short Blades
  4541 | D:6      | Reached XP level 8. HP: 61/64 MP: 10/10
  4595 | D:6      | Found a staircase to the Ecumenical Temple.
  4687 | Temple   | Entered the Ecumenical Temple
  4697 | Temple   | Reached skill level 5 in Dodging
  4710 | Temple   | HP: 4/99 [something (3)]
  5055 | D:6      | Reached skill level 5 in Stealth
  5381 | D:7      | Noticed Junicave's ghost (novice GrEE)
  5449 | D:8      | Noticed Pikel
  5470 | D:8      | Killed Pikel
  5470 | D:8      | Reached XP level 9. HP: 61/72 MP: 11/11
  5478 | D:8      | Noticed a hellwing
  5479 | D:8      | Noticed Grum
  5495 | D:8      | Noticed a hellwing
  5599 | D:9      | Got a smoking falchion
  5600 | D:9      | Identified the +4 falchion of the Sneaky Orbs {slice, rPois rF+ rC+ Dex-2} (You found it on level 9 of the Dungeon)
  5685 | D:9      | Noticed Erolcha
  5694 | D:9      | Mangled by Erolcha

Vault maps used:
D:1:      lemuel_arrival_muddy, corner_web_ring
D:2:      lemuel_crystal_altar, chequers_temple_overflow_minitemple, first_bread
D:3:      nemelex_xobeh_ov_fountains_minmay, due_unseen_surprise
D:4:      grunt_qazlal_sundering
D:5:      tso_oasis_becter, vehumet_statue, roderic_serpentine_path,
          hangedman_decor_push
D:6:      minmay_cornered_nines, st_stairs_7
D:8:      cheibrodos_grave_circle, overflow_temple_1_default, grunt_pizzeria,
          uniq_grum, uniq_joseph, uniq_pikel
D:9:      minmay_misc_feat_four_crosses, uniq_maurice, uniq_erolcha
Temple:   minmay_temple_curvy_loop

Skill      XL: |  1  2  3  4  5  6  7  8 |
---------------+-------------------------+-----
Dodging        | 3 4 6 |  6.3
Fighting       | 2 3 4 |  4.5
Short Blades   | 3 4 5 6 |  6.8
Stealth        | 1 2 3 4 6 |  6.1
Armour         | 1 2 3 4 |  4.2
Throwing       | |  1.8

Action                   |  1- 3 |  4- 6 |  7- 9 || total
-------------------------+-------+-------+-------++-------
Melee: Rapier            |    22 |       |       ||    22
       Dagger            |   140 |   219 |   278 ||   637
       Falchion          |       |       |    14 ||    14
 Fire: Blowgun           |       |       |     4 ||     4
  Use: Potion            |       |       |     9 ||     9
       Scroll            |       |       |     5 ||     5
 Stab: Sleeping          |     2 |     7 |     5 ||    14
       Distracted        |       |       |     2 ||     2
  Eat: Chunk             |     3 |     7 |     6 ||    16
Armor: Leather armour    |    30 |    39 |    60 ||   129
Dodge: Dodged            |    92 |   124 |   196 ||   412
       Rpst.: Falchion   |       |       |     3 ||     3
